 Dungeon Crawl Stone Soup version 0.30.0-29-ga12c61a403 (webtiles) character file.

Game seed: 14559044565983952531

5 Peloso the Shield-Bearer (level 1, 0/20 HPs)
             Began as a Minotaur Fighter on June 21, 2023.
             Frozen to death by an endoplasm (3 damage)
             ... on level 1 of the Dungeon.
             The game lasted 00:00:11 (76 turns).

Peloso the Shield-Bearer (Minotaur Fighter)           Turns: 76, Time: 00:00:12

Health: 0/20       AC:  7    Str: 20    XL:     1   Next: 66%
Magic:  0/0        EV:  9    Int:  5    God:
Gold:   14         SH:  4    Dex:  9    Spells: 0/0 levels left

rFire   . . .        a - +0 long sword
rCold   . . .        c - +0 buckler
rNeg    . . .        b - +0 scale mail
rPois   .            (helmet restricted)
rElec   .            (no cloak)
rCorr   .            (no gloves)
SInv    .            (no boots)
Will    .....        (no amulet) Stlth
                     (no ring)
HPRegen 0.23/turn    (no ring)
MPRegen 0.07/turn

%: no passive effects
@: no status effects
A: horns 2, retaliatory headbutt
a: no special abilities


You were on level 1 of the Dungeon.
You visited 1 branch of the dungeon, and saw 1 of its levels.

You collected 14 gold pieces.

Inventory:

Hand Weapons
 a - a +0 long sword (weapon)
Armour
 b - a +0 scale mail (worn)
 c - a +0 buckler (worn)
Scrolls
 e - a scroll of enchant armour {unknown}
 g - a scroll of identify {unknown}
 h - a scroll of noise {unknown}
Potions
 d - a potion of might
 f - a potion of curing {unknown}


   Skills:
 + Level 3.7 Fighting
 + Level 2.4 Long Blades
 + Level 3.7 Armour
 + Level 3.8 Shields


You couldn't memorise any spells.
You didn't know any spells.
Your spell library was empty.

Dungeon Overview and Level Annotations

Branches:
Dungeon (1/15)

Altars:


Innate Abilities, Weirdness & Mutations

You have a pair of horns on your head.
You reflexively headbutt those who attack you in melee.


Message History

You hit the hobgoblin.
The hobgoblin is heavily wounded.
The hobgoblin hits you.
You hit the hobgoblin.
You kill the hobgoblin!
Found a scroll labelled BYSEOZ CURGH.
HP restored.
f - a fuming coppery potion You now have 14 gold pieces.
Found an escape hatch in the floor.
g - a scroll labelled BYSEOZ CURGH
h - a scroll labelled ROESAU FAKKIYS A gnoll comes into view.
It is wielding a +0 spear.
The gnoll shouts!
A gnoll is nearby!
A gnoll is nearby!
An endoplasm comes into view.
The endoplasm quivers.
The gnoll hits you from afar with a +0 spear.
The gnoll hits you with a +0 spear.
You hit the gnoll.
The gnoll is moderately wounded.
The gnoll hits you but does no damage.
You hit the gnoll.
The gnoll is heavily wounded.
The gnoll hits you with a +0 spear.
You hit the gnoll.
The gnoll is severely wounded.
The endoplasm freezes you.
You are frozen.
The gnoll hits you with a +0 spear. The endoplasm freezes you.
You are frozen.
* * * LOW HITPOINT WARNING * * *
The gnoll hits you with a +0 spear.
* * * LOW HITPOINT WARNING * * *
You hit the gnoll.
The gnoll is almost dead.
The endoplasm freezes you.
You are frozen.
You die...

##...## .....#.## #
#...#..## .#
#.......###.# .#.#
...........# ...#...
........# ...#.....#
#gJ...#
.........######.@...##
.........##..........#
#........#...........#
.....................#
....................##
##.....##..........##
...).............#.#
P.PP....#.....>....#
....P♣P.#.......####


You could see a gnoll and an endoplasm.

Vanquished Creatures
  A ball python (D:1)
  An endoplasm (D:1)
  A hobgoblin (D:1)
  A frilled lizard (D:1)
  A kobold (D:1)
5 creatures vanquished.

Notes
Turn   | Place    | Note
-------+----------+-------------------------------------------
     0 | D:1      | Peloso the Minotaur Fighter began the quest for the Orb.
     0 | D:1      | Reached XP level 1. HP: 19/19 MP: 0/0
    15 | D:1      | Found a faded altar of an unknown god.
    76 | D:1      | Frozen to death by an endoplasm

Illustrated notes

Levels and vault maps discovered:
D:1:      dpeg_arrival_ratfight, layout_rooms, dreamdust_ecumenical_altar_grove,
          serial_shops, nicolae_shop_pleasant_corner_grove, serial_corexii_hall,
          chequers_hall_statues_y, corexii_hall_statues_l

Action                     || total
---------------------------++-------
  Melee: Long sword        ||    11
         Headbutt          ||     1
 Armour: Scale mail        ||     4
  Dodge: Dodged            ||     3
  Block: Buckler           ||     2
